 Dungeon Crawl Stone Soup version 0.32-a0-834-geaf45d8e21 (webtiles) character file.

Game seed: 7628265663646913110

29846 jasper the Severer (level 13, -15/125 HPs)
             Began as a Mountain Dwarf Berserker on Mar 25, 2024.
             Was a High Priest of Trog.
             Succumbed to a green death's bolt of poison
             ... in a Gauntlet on Mar 26, 2024.
             The game lasted 00:25:12 (15709 turns).

jasper the Severer (Mountain Dwarf Berserker)      Turns: 15709, Time: 00:25:13

Health: -15/125    AC: 22    Str: 31    XL:     13   Next: 17%
Magic:  13/13      EV: 15    Int: 12    God:    Trog [*****.]
Gold:   365        SH:  0    Dex: 15    Spells: 12/12 levels left

rFire   + . .        y - +0 war axe (venom)
rCold   . . .        (no shield)
rNeg    . . .        q - +0 chain mail
rPois   .            g - +2 helmet "Ineesmur" {rF+ Str+2 Int+2 Dex+2}
rElec   .            n - +2 cloak {Stlth+}
rCorr   .            (no gloves)
SInv    .            S - +1 pair of boots of Summer {Dex+4}
Will    +....        X - amulet of guardian spirit Stlth
                     D - +5 ring of evasion
HPRegen 0.40/turn    j - +6 ring of strength
MPRegen 0.13/turn

%: no teleportation, guardian spirit
@: lethally poisoned (-15 -> -71), on berserk cooldown, slowed, very slow
A: runic magic, artefact enchanting
a: Renounce Religion, Berserk, Trog's Hand, Brothers in Arms


You were in a Gauntlet.
You worshipped Trog.
Trog was extremely pleased with you.
You visited 2 branches of the dungeon, and saw 15 of its levels.
You visited 1 bazaar.
You also visited: Ossuary and Gauntlet.

You collected 1165 gold pieces.
You spent 800 gold pieces at shops.

Inventory:

Hand Weapons
 a - a +0 hand axe
 k - a +0 flail
 y - a +0 war axe of venom (weapon)
 H - a +2 heavy trident
 M - a +0 war axe
 O - a +0 dire flail
 Q - a +0 vampiric war axe
Missiles
 i - 130 stones (quivered)
 C - 4 javelins
 G - 3 curare-tipped darts
 N - 5 throwing nets
 P - 7 boomerangs
Armour
 g - the +2 helmet "Ineesmur" (worn) {rF+ Str+2 Int+2 Dex+2}
   (You found it on level 3 of the Dungeon)

   Str+2:     It affects your strength (+2).
   Int+2:     It affects your intelligence (+2).
   Dex+2:     It affects your dexterity (+2).
   rF+:       It protects you from fire.
 n - a +2 cloak of stealth (worn)
 q - a +0 chain mail (worn)
 S - the +1 pair of boots of Summer (worn) {Dex+4}
   (You bought it in a shop in a bazaar)

   Dex+4:     It affects your dexterity (+4).
Jewellery
 j - a +6 ring of strength (right hand)
 l - a ring of magical power
 s - a ring of fire
 D - a +5 ring of evasion (left hand)
 K - a ring of resist corrosion
 X - an amulet of guardian spirit (around neck)
 Y - a ring of protection from fire
Wands
 h - a wand of flame (8)
 o - a wand of quicksilver (1)
 I - a wand of charming (8)
 Z - a wand of digging (4)
Scrolls
 b - 3 scrolls of poison
 p - 7 scrolls of teleportation
 r - 7 scrolls of enchant weapon
 t - 2 scrolls of immolation
 x - a scroll of noise
 z - 3 scrolls of blinking
 A - 4 scrolls of enchant armour
 B - 6 scrolls of fog
 R - a scroll of fear
 T - a scroll of butterflies
 V - a scroll of brand weapon
Potions
 c - 4 potions of enlightenment
 d - 2 potions of degeneration {unknown}
 e - 2 potions of resistance
 f - 2 potions of curing
 m - 2 potions of magic
 u - 2 potions of invisibility
 v - 2 potions of brilliance
 w - 3 potions of mutation
 E - 2 potions of might
 F - 2 potions of ambrosia
 J - a potion of haste
 L - 4 potions of lignification
 U - a potion of attraction
 W - 2 potions of berserk rage


   Skills:
 * Level 14.5 Fighting
 - Level 16.0 Axes
 + Level 12.6 Armour
 + Level 4.1 Dodging
 - Level 4.1 Evocations


You had 12 spell levels left.
You didn't know any spells.
Your spell library was empty.

Dungeon Overview and Level Annotations

Branches:
Dungeon (11/15)            Temple (0/1) D:5            Lair (4/5) D:11
 Shoals (0/4) Lair:2       Spider (0/4) Lair:3          Orc (0/2) D:9
Ossuary (visited)         Gauntlet (1/1)
  Slime: Lair:4-5

Altars:
Cheibriados
Hepliaklqana
Makhleb
Nemelex Xobeh
Uskayaw
Vehumet
Xom
Yredelemnul

Annotations:
D:6 1 runed translucent door, ForkInBrain's ghost, novice DsAr
Lair:1 exclusion: oklob plant Gauntlet 7 transporters, 3 runed translucent doors


Innate Abilities, Weirdness & Mutations

Your spellcasting is much less encumbered by armour.
You can use scrolls of enchantment on lesser artefacts.


Message History

You feel extremely sick.
You now have 170/187 hp.
You feel a strong urge to attack something.
You are engulfed in poison gas.
You are more poisoned.
You feel very sick.
You take 9 damage, and have 161/187 hp.
You are engulfed in poison gas.
You are more poisoned.
You feel extremely sick.
You take 13 damage, and have 148/187 hp.
You now have 11/13 mp.
You feel your anger nearly subside.
You are no longer berserk.
You are exhausted.
You feel yourself slow down.
You feel extremely sick. The green death hits you.
You now have 88/125 hp.
Your two-headed ogre goes berserk!
You feel extremely sick. The green death gestures at you.
The poison arrow hits you!!
You are more poisoned.
You take 36 damage, and have 52/125 hp.
MASSIVE DAMAGE!!
You now have 8/13 mp.
You feel better. The green death gestures at you. The poison arrow hits you!!
You are poisoned.
* * * LOW HITPOINT WARNING * * *
Your two-headed ogre is engulfed in poison gas.
Your two-headed ogre is poisoned.
Your two-headed ogre hits the green death with a +0 giant spiked club!
Your two-headed ogre hits the green death with a +0 giant club!
The green death gestures at you. The bolt of poison hits you!!!
You are lethally poisoned!
* * * LOW HITPOINT WARNING * * *
You take 50 damage, and have 2/125 hp.
MASSIVE DAMAGE!!
You now have 1/13 mp.
Okay, then.
Magic courses through your body.
You die...

##..##...^#...#..#3..©##.#
#§..#.....#...#..#5###.^.#
##..#...[35#5.#..#.###^..#
#≈..###########..#5###...#
##......#©#......#.!5©$.5#
#§......#©#......#########
##..###########.....#©#...
#≈§§#...#.#...#.....#©#...
##§.#..#.@.#..#..#########
#§..#.##.2.##.#..#hRh#^.©#
##..##..#O#..##..#○#.#.###
#≈..#....©....#..#.#.#^.^#
##..##.°#.#°.##..#.#.###.#
#≈..#.#######.#..#=#...#.#
##..#..#...#..#..#?###.#+#
#≈..#..=!©.[..#..#.=©#...#
##..###########..#########


You could see a green death (ally target), a ynoxinul, 2 iron imps and a
friendly two-headed ogre (summoned, berserk, poisoned).

Vanquished Creatures
  Gastronok (D:10)
  2 boulder beetles (Lair:3)
  Harold (Lair:2)
  2 two-headed ogres
  A wolf spider (Lair:3)
  3 black mambas
  A torpor snail (Lair:4)
  5 cane toads
  A water nymph (Lair:2)
  2 komodo dragons
  2 kobold demonologists (D:11)
  4 yaktaurs (D:11)
  2 rime drakes
  A troll (D:10)
  A hornet (D:11)
  5 blink frogs
  17 dream sheep
  A culicivora (Lair:3)
  37 yaks
  8 wyverns
  A human (D:7)
  2 wraiths
  3 hogs (D:7)
  3 basilisks
  3 steam dragons
  3 vampire mosquitoes (D:11)
  14 water moccasins
  An ice beast (D:5)
  An orc warrior (D:6)
  2 black bears (D:5)
  2 centaurs
  3 ogres
  A phantom (D:7)
  3 elf zombies (D:5)
  4 kobold brigands
  5 bullfrogs
  4 scorpions
  A burial acolyte (Ossuary)
  12 wights
  12 killer bees (D:11)
  5 howler monkeys
  2 orc priests
  2 hounds (D:5)
  A jelly (D:8)
  Crazy Yiuf (D:2)
  An iron imp (Gauntlet)
  2 human zombies (D:5)
  A human skeleton (D:5)
  4 iguanas (D:5)
  Ijyb (D:4)
  10 orc wizards
  Natasha (thrice) (D:4)
  A mummy (Ossuary)
  4 gnolls
  10 adders
  A shadow imp (D:5)
  2 white imps (D:8)
  2 ufetubi (D:6)
  3 dart slugs
  A ribbon worm (D:2)
  29 orcs
  10 ball pythons
  4 bats
  4 endoplasms
  3 giant cockroaches
  6 goblins
  11 hobgoblins
  9 jackals
  4 quokkas
  8 frilled lizards
  7 gnoll skeletons (Ossuary)
  13 kobolds
  4 kobold skeletons (Ossuary)
  13 orc skeletons
  An orc zombie (D:5)
  5 rats
365 creatures vanquished.

Vanquished Creatures (collateral kills)
  A black mamba (Lair:3)
  A cane toad (Lair:3)
  2 blink frogs (Lair:3)
  3 water moccasins (Lair:3)
7 creatures vanquished.

Vanquished Creatures (others)
  An orc (D:7)
  A kobold (D:3)
2 creatures vanquished.

Grand Total: 374 creatures vanquished

Notes
Turn   | Place    | Note
-------+----------+-------------------------------------------
     0 | D:1      | jasper the Mountain Dwarf Berserker began the quest for the
                  | Orb.
     0 | D:1      | Reached XP level 1. HP: 19/19 MP: 1/1
    35 | D:1      | Reached skill level 4 in Axes
   191 | D:1      | Reached XP level 2. HP: 6/26 MP: 2/2
   746 | D:1      | Reached skill level 5 in Axes
  1131 | D:2      | Reached XP level 3. HP: 23/31 MP: 3/3
  1498 | D:2      | Found a faded altar of an unknown god.
  1843 | D:2      | Reached ** piety under Trog
  2138 | D:2      | Reached XP level 4. HP: 27/38 MP: 4/4
  2292 | D:2      | Found a runed translucent door.
  2293 | D:2      | Noticed Crazy Yiuf
  2300 | D:2      | Killed Crazy Yiuf
  2880 | D:3      | Found a hazy altar of Hepliaklqana.
  3088 | D:3      | Identified the +1 helmet "Ineesmur" {rF+ Str+2 Int+2 Dex+2}
  3192 | D:3      | Reached skill level 6 in Axes
  3370 | D:3      | Reached XP level 5. HP: 46/46 MP: 5/5
  3499 | D:4      | Noticed Ijyb
  3516 | D:4      | Killed Ijyb
  3814 | D:4      | Noticed Natasha
  3818 | D:4      | Killed Natasha
  3826 | D:4      | Noticed Natasha
  3832 | D:4      | Killed Natasha
  3919 | D:4      | Reached XP level 6. HP: 53/53 MP: 6/6
  4036 | D:4      | Noticed Natasha
  4044 | D:4      | Killed Natasha
  4247 | D:5      | Entered Level 5 of the Dungeon
  4294 | D:5      | Reached skill level 7 in Axes
  4346 | D:5      | Found a sand-covered staircase.
  4367 | Ossuary  | Entered an ossuary
  4416 | Ossuary  | Reached *** piety under Trog
  4532 | Ossuary  | Reached skill level 5 in Fighting
  4532 | Ossuary  | Reached XP level 7. HP: 61/61 MP: 7/7
  4637 | D:5      | Reached skill level 8 in Axes
  4818 | D:5      | Found a staircase to the Ecumenical Temple.
  5019 | D:5      | Reached skill level 5 in Armour
  5219 | D:5      | Reached skill level 9 in Axes
  5460 | D:5      | Found a hide-covered altar of Uskayaw.
  5735 | D:5      | Reached XP level 8. HP: 66/70 MP: 8/8
  5872 | D:5      | Reached skill level 10 in Axes
  6044 | D:6      | Found a runed translucent door.
  6069 | D:6      | Found a shimmering altar of Xom.
  6069 | D:6      | Noticed a +0 mace of chaos
  6069 | D:6      | Noticed ForkInBrain's ghost (novice DsAr)
  6608 | D:6      | Reached **** piety under Trog
  6623 | D:6      | Found a sparkling altar of Nemelex Xobeh.
  6648 | D:6      | Reached XP level 9. HP: 79/79 MP: 9/9
  6682 | D:7      | Reached skill level 11 in Axes
  7684 | D:7      | Reached skill level 12 in Axes
  8273 | D:8      | Reached XP level 10. HP: 90/90 MP: 10/10
  8380 | D:8      | Reached skill level 13 in Axes
  8599 | D:8      | Found a burning altar of Makhleb.
  8799 | D:8      | Found a basalt altar of Yredelemnul.
  9306 | D:9      | Found a staircase to the Orcish Mines.
  9416 | D:9      | Identified the +2 scimitar of Debt {freeze, Will++}
  9696 | D:9      | Noticed a two-headed ogre
  9704 | D:9      | Killed a two-headed ogre
  9787 | D:10     | Entered Level 10 of the Dungeon
  9912 | D:10     | Noticed Gastronok
  9922 | D:9      | Reached skill level 14 in Axes
 10244 | D:10     | Killed Gastronok
 10256 | D:10     | Noticed a two-headed ogre
 10263 | D:10     | Killed a two-headed ogre
 10264 | D:10     | Reached XP level 11. HP: 99/99 MP: 11/11
 10382 | D:10     | Reached skill level 15 in Axes
 10430 | D:10     | Reached skill level 10 in Fighting
 10822 | D:10     | Found a snail-covered altar of Cheibriados.
 11070 | D:11     | Found a flickering gateway to a bazaar.
 11080 | Bazaar   | Entered a bazaar
 11098 | Bazaar   | Found Ruel's Magic Scroll Shop.
 11112 | Bazaar   | Found Manaxt's Antique Armour Shop.
 11117 | Bazaar   | Bought a pair of polished boots for 180 gold pieces
 11117 | Bazaar   | Identified the +1 pair of boots of Summer {Dex+4} (You
                  | bought it in a shop in a bazaar)
 11129 | Bazaar   | Found Omadd's Weapon Shop.
 11159 | Bazaar   | Found Gyddag's Assorted Antiques.
 11178 | Bazaar   | Bought 3 scrolls of identify for 144 gold pieces
 11178 | Bazaar   | Bought a fuming cyan potion for 21 gold pieces
 11178 | Bazaar   | Bought 2 emerald potions for 43 gold pieces
 11178 | Bazaar   | Bought a potion of invisibility for 192 gold pieces
 11194 | Bazaar   | Bought a scroll of fog for 36 gold pieces
 11194 | Bazaar   | Bought a scroll of fear for 36 gold pieces
 11194 | Bazaar   | Bought a scroll of butterflies for 36 gold pieces
 11194 | Bazaar   | Bought a scroll of brand weapon for 85 gold pieces
 11194 | Bazaar   | Bought a scroll of teleportation for 27 gold pieces
 11238 | D:11     | Reached skill level 10 in Armour
 11526 | D:11     | Reached ***** piety under Trog
 11818 | D:11     | Reached skill level 16 in Axes
 11995 | D:11     | Found a staircase to the Lair.
 12024 | D:11     | Reached skill level 1 in Evocations
 12059 | Lair:1   | Entered Level 1 of the Lair of Beasts
 12070 | Lair:1   | Found a radiant altar of Vehumet.
 12081 | Lair:1   | Noticed an oklob plant
 12449 | Lair:1   | Reached XP level 12. HP: 81/111 MP: 12/12
 13236 | Lair:2   | Noticed Harold
 13248 | Lair:2   | Killed Harold
 13336 | Lair:2   | HP: 4/113 [black mamba (14)]
 14315 | Lair:3   | Noticed a boulder beetle
 14332 | Lair:3   | Killed a boulder beetle
 14431 | Lair:3   | Noticed a boulder beetle
 14444 | Lair:3   | Killed a boulder beetle
 14827 | Lair:3   | Found a hole to the Spider Nest.
 15304 | Lair:4   | Reached XP level 13. HP: 120/124 MP: 10/13
 15429 | Lair:4   | Found a gate leading to a gauntlet.
 15443 | Gauntlet | Entered a Gauntlet
 15443 | Gauntlet | Found a transporter.
 15443 | Gauntlet | Found a runed translucent door.
 15443 | Gauntlet | Found a runed translucent door.
 15443 | Gauntlet | Found a transporter.
 15443 | Gauntlet | Found a transporter.
 15508 | Gauntlet | Found a transporter.
 15511 | Gauntlet | Found a transporter.
 15519 | Gauntlet | Found a transporter.
 15522 | Gauntlet | Found a transporter.
 15529 | Gauntlet | Found a runed translucent door.
 15532 | Gauntlet | Found a transporter.
 15547 | Gauntlet | Noticed a green death
 15548 | Gauntlet | Found a transporter.
 15553 | Gauntlet | Found a transporter.
 15556 | Gauntlet | Found a transporter.
 15567 | Gauntlet | Found a transporter.
 15708 | Gauntlet | HP: 2/125 [green death/bolt of poison (35)]
 15709 | Gauntlet | Succumbed to a green death's bolt of poison

Illustrated notes

Levels and vault maps discovered:
D:1:      minmay_arrival_hallway, layout_basic
D:2:      layout_loops_ring, hellmonk_ecumenical_altar_crossroads,
          uniq_crazy_yiuf_cottage
D:3:      minmay_chambers_of_twos, layout_loops_ring,
          nicolae_hepliaklqana_hippocampus, minivault_19, lemuel_flame_loot_1
D:4:      layout_cave_pools, uniq_ijyb, uniq_natasha
D:5:      layout_basic, mainiacjoe_overflow_catwalk,
          minmay_temple_entry_sparse_star, nicolae_ossuary_entry_catacombs,
          minmay_pentangle
D:6:      layout_basic, nemelex_dance_club_becter, ebering_ghost_xom
D:7:      layout_basic, grunt_livestock, minivault_22
D:8:      layout_basic, pf_just_have_faith, mainiacjoe_overflow_alcove_2
D:9:      layout_irregular_city, orc_0_dummy
D:10:     layout_loops_corners, nicolae_overflow_crystal_walls,
          evilmike_butchery, uniq_gastronok
D:11:     layout_basic, david_lair_shrubbed, serial_shops, bzr_entry_islet
Lair:1:   layout_roguey, lemuel_oklob_altar
Lair:2:   layout_regular_city, nicolae_shoals_entry_flooding,
          serial_bayou_shore_b, uniq_harold
Lair:3:   layout_loops_ring, spider_nest_entry_rubble, serial_bayou_shore_b,
          grunt_megastairs_3, infiniplex_staircase_pool_2
Lair:4:   wander_river, layout_concentric_octagons, gauntlet_entry_generic
Gauntlet: minmay_gauntlet_mixed_big_or_small [nicolae_gauntlet_arena_blocks,
          minmay_gauntlet_arena_77_shame_cube, nicolae_gauntlet_swirl,
          minmay_gauntlet_arena_77_block_sizes,
          gammafunk_gauntlet_arena_chambers, minmay_gauntlet_arena_77_path,
          nicolae_gauntlet_exit_dead_adventurers]

Skill      XL: |  1  2  3  4  5  6  7  8  9 10 11 12 13 |
---------------+----------------------------------------+-----
Axes           | 4 5 6 7 9 10 12 14 16 | 16.0
Armour         | 3 4 5 6 8 9 11 12 | 12.6
Fighting       | 4 5 7 8 9 11 14 | 14.5
Evocations     | 3 4 |  4.1
Dodging        | 3 4 |  4.1

Action                     |  1- 3 |  4- 6 |  7- 9 | 10-12 | 13-15 || total
---------------------------+-------+-------+-------+-------+-------++-------
  Melee: Hand axe          |   129 |   247 |    70 |       |       ||   446
         War axe           |       |       |   244 |   580 |    65 ||   889
  Throw: Stone             |     3 |    11 |    10 |     3 |       ||    27
 Invoke: Berserk           |     2 |     4 |     2 |     3 |     1 ||    12
         Trog's Hand       |       |       |     1 |     8 |     1 ||    10
         Brothers in Arms  |       |       |       |     1 |     1 ||     2
  Evoke: Wand              |       |     2 |       |       |       ||     2
    Use: Scroll            |       |    11 |     7 |     8 |       ||    26
         Potion            |       |       |       |     2 |     2 ||     4
   Stab: Sleeping          |       |     1 |       |       |       ||     1
         Distracted        |       |       |       |     1 |       ||     1
 Armour: Animal skin       |    16 |       |       |       |       ||    16
         Leather armour    |    70 |    19 |       |       |       ||    89
         Ring mail         |       |    22 |       |       |       ||    22
         Chain mail        |       |   117 |   203 |   362 |    72 ||   754
  Dodge: Dodged            |    75 |    94 |   155 |   334 |    69 ||   727

Table legend: (Time is in decaauts)
 A = Elapsed time spent in this place.
 B = Non-inter-level travel time spent in this place.
 C = Inter-level travel time spent in this place.
 D = Time resting spent in this place.
 E = Time spent auto-exploring this place.
 F = Levels seen in this place.
 G = Mean time per level.
                   A        B        C        D        E       F      G
               +--------+--------+--------+--------+--------+-----+--------+
         Total |  15638 |  15183 |    455 |   1509 |  10485 |  18 |  868.8 |
       Dungeon |  11694 |  11341 |    353 |   1505 |   7601 |  11 | 1063.1 |
          Lair |   3288 |   3186 |    102 |      4 |   2540 |   4 |  822.0 |
        Bazaar |    126 |    126 |      0 |      0 |     82 |   1 |  126.0 |
       Ossuary |    265 |    265 |      0 |      0 |     84 |   1 |  265.0 |
      Gauntlet |    264 |    264 |      0 |      0 |    178 |   1 |  264.0 |
               +--------+--------+--------+--------+--------+-----+--------+

Top non-repeatable levels by time:
     D:5: 1543 daAuts
     D:7: 1354 daAuts
     D:2: 1291 daAuts
     D:1: 1129 daAuts
     D:3: 1099 daAuts
    D:10: 1097 daAuts
  Lair:3: 1080 daAuts
  Lair:1: 1034 daAuts
  Lair:2: 975 daAuts
     D:8: 974 daAuts
    D:11: 900 daAuts
     D:9: 796 daAuts
     D:4: 778 daAuts
     D:6: 729 daAuts
 Ossuary: 265 daAuts
